 Dungeon Crawl Stone Soup version 0.31-a0-459-gc8a9bf3d51 (webtiles) character file.

Game seed: 14859973891144731598

3147 Ethylacetat the Insei (level 9, -3/48 HPs)
             Began as a Vine Stalker Monk on Aug 4, 2023.
             Was an Initiate of Ru.
             Slain by a centaur warrior (6 damage)
             ... on level 7 of the Dungeon.
             The game lasted 00:10:09 (5000 turns).

Ethylacetat the Insei (Vine Stalker Monk)           Turns: 5000, Time: 00:10:10

Health: -3/48      AC: 10    Str: 14    XL:     9   Next: 93%
Magic:  0/18       EV:  4    Int: 10    God:    Ru [......]
Gold:   381        SH:  0    Dex: 21    Spells: 19/19 levels left

rFire   . . .        h - +2 dagger (venom)
rCold   . . .        c - orb {light}
rNeg    . . .        q - +0 plate armour
rPois   .            (helmet currently unavailable)
rElec   .            (cloak currently unavailable)
rCorr   .            (gloves currently unavailable)
SInv    .            (boots currently unavailable)
Will    +....        (no amulet) Stlth
                     d - ring of flight
HPRegen 1.08/turn    (no ring)
MPRegen 0.16/turn

%: guardian spirit
@: confused, beast-form, ambrosia-drunk, flying, glowing
A: beast (slay +4), fangs 3, regeneration 1, magic shield, antimagic bite, no
potion heal 2
a: Begin Untransformation, Renounce Religion


You were on level 7 of the Dungeon.
You worshipped Ru.
Ru was noncommittal.
You were a hulking beast.
You visited 2 branches of the dungeon, and saw 8 of its levels.

You collected 381 gold pieces.

Inventory:

Hand Weapons
 h - a +2 dagger of venom (weapon)
 A - a +1 rapier of protection
Missiles
 e - a throwing net
Armour
 c - an orb of light (worn)
 q - a +0 plate armour (worn)
Jewellery
 d - a ring of flight (left hand)
 y - a ring of protection from fire
Talismans
 i - a beast talisman (active)
Scrolls
 a - 3 scrolls of enchant armour {unknown}
 g - 2 scrolls of fear {unknown}
 j - 8 scrolls of teleportation {unknown}
 n - a scroll of revelation {unknown}
 p - 9 scrolls of identify {unknown}
 s - a scroll of poison {unknown}
 u - 2 scrolls of vulnerability {unknown}
 v - a scroll of blinking {unknown}
Potions
 f - 2 potions of might {unknown}
 k - a potion of invisibility {unknown}
 l - 2 potions of curing {unknown}
 m - a potion of degeneration {unknown}
 o - 3 potions of heal wounds {unknown}
 t - a potion of brilliance {unknown}
 w - a potion of enlightenment {unknown}
 x - a potion of haste {unknown}
 z - 2 potions of lignification {unknown}


   Skills:
 + Level 6.2 Fighting
 - Level 2.7 Dodging
 + Level 6.9 Unarmed Combat
 + Level 5.7 Spellcasting
 * Level 6.9 Shapeshifting


You had 19 spell levels left.
You didn't know any spells.
Your spell library contained the following spells:

 Spells                   Type           Power      Damage    Failure   Level
 Apportation              Tloc           4%         N/A       100%        1
 Freeze                   Ice            8%         1d3       100%        1
 Necrotise                Necr           8%         1d4       100%        1
 Shock                    Conj/Air       8%         1d3       100%        1
 Summon Small Mammal      Summ           8%         N/A       100%        1
 Cigotuvi's Dreadful Rot  Necr/Pois/Air  4%         N/A       100%        2
 Call Canine Familiar     Summ           2%         N/A       100%        3
 Frozen Ramparts          Ice            4%         1d1       100%        3
 Hailstorm                Conj/Ice       2%         3d3       100%        3
 Ignite Poison            Fire/Tmut/Pois 2%         N/A       100%        3
 Summon Guardian Golem    Hex/Summ       2%         N/A       100%        3
 Swiftness                Air            2%         N/A       100%        3
 Airstrike                Air            1%         2d(1-17)  100%        4
 Freezing Cloud           Conj/Ice/Air   1%         6-21      100%        5


Dungeon Overview and Level Annotations

Branches:
Dungeon (7/15)             Temple (1/1) D:6

Altars:
Ashenzari
Cheibriados
Dithmenos
Elyvilon
Fedhas
Gozag
Hepliaklqana
Kikubaaqudgha
Makhleb
Nemelex Xobeh
Okawaru
Qazlal
Ru
Sif Muna
Trog
Uskayaw
Vehumet
Wu Jian
Xom
Yredelemnul


Innate Abilities, Weirdness & Mutations

You are a hulking beast.
Your limbs bulge with bestial killing power. (Slay +4)
You have razor-sharp teeth.
Your natural rate of healing is unusually fast.
When hurt, damage is shared between your health and your magic reserves.
Your bite disrupts and absorbs the magic of your enemies.
Potions cannot restore your health.


Message History

The slime creature looks as sick as possible!
You bite the slime creature, but do no damage.
The slime creature is almost dead.
The slime creature hits you.
You puncture the slime creature!
You kill the slime creature!
The centaur warrior shoots an arrow.
The arrow hits you!
The centaur shoots an arrow.
The arrow hits you!
* * * LOW HITPOINT WARNING * * *
The centaur warrior shoots an arrow.
The arrow hits you.
* * * LOW HITPOINT WARNING * * *
The centaur shoots an arrow.
The arrow hits you!
* * * LOW HITPOINT WARNING * * *
Okay, then.
The centaur warrior unwields a +0 orcbow.
The centaur warrior hits you but does no damage.
The centaur warrior completely misses you.
The centaur unwields a +0 orcbow.
The centaur hits you but does no damage.
The centaur kicks you but does no damage.
There is an open door here.
You see here 5 large rocks.
You hit the centaur warrior.
The centaur warrior is poisoned.
The centaur warrior is lightly wounded.
The centaur warrior hits you.
* * * LOW HITPOINT WARNING * * *
The centaur warrior kicks you but does no damage.
The centaur barely misses you.
The centaur kicks you but does no damage.
The centaur warrior hits you.
* * * LOW HITPOINT WARNING * * *
The centaur warrior kicks you but does no damage.
The centaur hits you.
* * * LOW HITPOINT WARNING * * *
The centaur kicks you.
* * * LOW HITPOINT WARNING * * *
You are confused.
Your system rejects the healing.
You feel invigorated. The centaur warrior hits you!
You die...

♣♣♣.♣♣♣♣..♣#.........#####...####
...~...♣♣♣.#...######.##.##.##
♣♣♣.♣♣♣♣..♣##### #.##....#
.:......♣♣♣ #.##.#### ##♣.♣######
#########.##.# ♣♣.♣♣ ♣.♣
#[....##..##.# #♣.♣.♣# ♣.♣
#.♣♣♣.##.###.# #.♣♣♣.# ♣.♣
#.....##.# #.#
#♣.♣.♣#♣♣.♣♣#.##h###.# #.#
♣♣)♣♣#♣...♣#.#cc# #.# #.#
##♣'♣##.....#.#..# #.###.#####
#..<..#.PPP.#.#(####.......).##
+..8..'.P~P...#+ #.......)...###
#..>..#.PPP.### #.####.###..).)
##♣+♣##.....# #.# #.......## #.♣
♣.#♣...♣# #.# #####....#
#.♣♣♣.#♣♣.♣♣ #.# #......


You could see a centaur warrior (very poisoned) and a centaur.

Vanquished Creatures
  A slime creature (D:7)
  An orc warrior (D:7)
  2 water moccasins
  Duvessa (D:5)
  3 ice beasts (D:6)
  A sky beast (D:7)
  4 black bears
  2 ogres (D:7)
  2 phantoms (D:7)
  A kobold brigand (D:7)
  A bullfrog (D:6)
  4 scorpions
  4 wights (D:7)
  Dowan (D:5)
  2 killer bees (D:7)
  An electric eel (D:6)
  2 hounds
  4 jellies
  An orc priest (D:3)
  A gnoll bouda (D:6)
  3 iguanas
  2 orc wizards
  Natasha (twice) (D:2)
  12 gnolls
  3 adders
  A shadow imp (D:6)
  3 white imps
  A worm (D:3)
  3 dart slugs
  16 orcs
  5 endoplasms
  3 giant cockroaches
  7 goblins
  8 hobgoblins
  8 jackals
  5 kobolds
  2 quokkas (D:1)
  4 ball pythons
  3 bats
  2 frilled lizards
  7 rats
139 creatures vanquished.

Vanquished Creatures (collateral kills)
  A wight (D:7)
1 creature vanquished.

Vanquished Creatures (others)
  A cyclops (D:7)
  5 killer bees (D:7)
6 creatures vanquished.

Grand Total: 146 creatures vanquished

Notes
Turn   | Place    | Note
-------+----------+-------------------------------------------
     0 | D:1      | Ethylacetat the Vine Stalker Monk began the quest for the
                  | Orb.
     0 | D:1      | Reached XP level 1. HP: 11/11 MP: 2/2
   229 | D:1      | Reached XP level 2. HP: 16/16 MP: 3/3
   368 | D:1      | Reached XP level 3. HP: 19/20 MP: 4/4
   950 | D:2      | Noticed Natasha
   956 | D:2      | Killed Natasha
   957 | D:2      | Reached skill level 1 in Spellcasting
   957 | D:2      | Reached skill level 1 in Shapeshifting
   957 | D:2      | Gained mutation: Your natural rate of healing is unusually
                  | fast. [Vine Stalker growth]
   957 | D:2      | Reached XP level 4. HP: 19/24 MP: 6/6
   990 | D:2      | Noticed Natasha
   996 | D:2      | Killed Natasha
  1419 | D:3      | Found an ancient bone altar of Kikubaaqudgha.
  1430 | D:3      | Found a sparkling altar of Nemelex Xobeh.
  1495 | D:3      | Reached XP level 5. HP: 28/28 MP: 6/8
  1998 | D:3      | Found an iron altar of Okawaru.
  2260 | D:4      | Noticed a black bear
  2268 | D:4      | Killed a black bear
  2269 | D:4      | Reached XP level 6. HP: 21/33 MP: 8/10
  2434 | D:4      | Reached XP level 7. HP: 37/37 MP: 9/11
  2672 | D:5      | Entered Level 5 of the Dungeon
  2886 | D:5      | Reached skill level 5 in Unarmed Combat
  2886 | D:5      | Gained mutation: You have razor-sharp teeth. [Vine Stalker
                  | growth]
  2886 | D:5      | Reached XP level 8. HP: 37/42 MP: 12/14
  2976 | D:5      | Noticed Dowan
  2977 | D:5      | Noticed Duvessa
  2987 | D:5      | Killed Duvessa
  2996 | D:5      | Killed Dowan
  3388 | D:6      | Reached skill level 5 in Fighting
  3397 | D:6      | Reached skill level 5 in Shapeshifting
  3587 | D:6      | Reached XP level 9. HP: 43/47 MP: 14/16
  3658 | D:6      | Found a staircase to the Ecumenical Temple.
  3685 | Temple   | Entered the Ecumenical Temple
  3704 | Temple   | Became a worshipper of Ru the Awakened
  4073 | D:7      | Reached skill level 5 in Spellcasting
  4421 | D:7      | Found a stormy altar of Qazlal.
  4424 | D:7      | Found a hazy altar of Hepliaklqana.
  4427 | D:7      | Found a blossoming altar of Fedhas.
  4430 | D:7      | Found a radiant altar of Vehumet.
  4506 | D:7      | Found a broken altar of Ashenzari.
  4987 | D:7      | Noticed a cyclops
  4987 | D:7      | Noticed a centaur warrior
  4999 | D:7      | HP: 2/48 [centaur (1)]
  5000 | D:7      | Slain by a centaur warrior

Illustrated notes

Levels and vault maps discovered:
D:1:      scummos_arrival_forest, layout_loops_cross
D:2:      layout_loops_ring, uniq_natasha
D:3:      layout_basic, mainiacjoe_overflow_cross_hatched,
          mainiacjoe_overflow_small_starburst, mainiacjoe_overflow_brackets
D:4:      layout_cave_pools
D:5:      layout_basic, nicolae_kite_square_tiling_tiny, minmay_misc_feat_x,
          minivault_4, uniq_duvessa
D:6:      cheibrodos_helix_gallery, layout_basic,
          minmay_temple_entry_sparse_star
D:7:      nzn_winding_woodlands_stair_cross [nzn_winding_woodlands_5x15_eye,
          nzn_winding_woodlands_center_lodge, nzn_winding_woodlands_5x15_garden,
          nzn_winding_woodlands_5x5_closed_star,
          nzn_winding_woodlands_5x5_three,
          nzn_winding_woodlands_5x15_concentric,
          nzn_winding_woodlands_center_diamonds,
          nzn_winding_woodlands_5x15_lazy_stream], layout_loops_ring,
          nicolae_ashenzari_panopticon, grunt_temple_overflow_cloverleaf,
          grunt_ministairs_6
Temple:   nicolae_temple_bog_church

Skill      XL: |  1  2  3  4  5  6  7  8  9 |
---------------+----------------------------+-----
Fighting       | 3 4 5 6 |  6.2
Spellcasting   | 1 2 3 4 5 |  5.7
Shapeshifting  | 1 2 3 4 5 6 |  6.9
Unarmed Combat | 4 5 6 |  6.9
Dodging        | |  2.7

Action                     |  1- 3 |  4- 6 |  7- 9 || total
---------------------------+-------+-------+-------++-------
  Melee: Unarmed           |    41 |       |       ||    41
         Bite              |    24 |    39 |    88 ||   151
         Dagger            |    46 |    99 |   182 ||   327
 Invoke: Reject Sacrifices |       |       |     1 ||     1
  Evoke: Wand              |       |       |    18 ||    18
    Use: Potion            |       |       |     1 ||     1
 Armour: Robe              |    12 |     1 |       ||    13
         Plate armour      |       |    55 |   107 ||   162
  Dodge: Dodged            |    56 |    12 |    28 ||    96
   Form: Beast             |     1 |       |       ||     1

Table legend: (Time is in decaauts)
 A = Elapsed time spent in this place.
 B = Non-inter-level travel time spent in this place.
 C = Inter-level travel time spent in this place.
 D = Time resting spent in this place.
 E = Time spent auto-exploring this place.
 F = Levels seen in this place.
 G = Mean time per level.
                   A        B        C        D        E       F      G
               +--------+--------+--------+--------+--------+-----+--------+
         Total |   4993 |   4792 |    201 |     19 |   3894 |   8 |  624.1 |
       Dungeon |   4955 |   4790 |    165 |     19 |   3894 |   7 |  707.9 |
        Temple |     38 |      2 |     36 |      0 |      0 |   1 |   38.0 |
               +--------+--------+--------+--------+--------+-----+--------+

Top non-repeatable levels by time:
     D:7: 1035 daAuts
     D:3: 777 daAuts
     D:2: 726 daAuts
     D:1: 678 daAuts
     D:5: 643 daAuts
     D:6: 608 daAuts
     D:4: 484 daAuts
  Temple: 38 daAuts
